Blues vs Flames

Created - 28 septembre 2023 at 20:53

Goals
1 2 3 T
Blues 1 0 1 2
Flames 1 0 0 1
Shots
1 2 3 T
Blues 7 11 3 21
Flames 2 1 6 9

GoalsPenalties
1st period
1. Blues , Mats Zuccarello 4 (Brad Marchand 3, Brayden Schenn 3) at 3:31 (PP)
2. Flames , Derek Grant 1 (Nick Leddy 1, David Krejci 3) at 19:20 (PP)
Ryan Reaves (CAL) for Hooking (Minor) at 3:28
Michael Stone (CAL) for Tripping (Minor) at 6:02
Jack McBain (CAL) for Hooking (Minor) at 10:36
Matt Martin (CAL) for High sticking (Minor) at 13:35
Brad Marchand (STL) for Elbowing (Minor) at 19:04
2nd period
No Goal
Casey Mittelstadt (CAL) for Holding (Minor) at 0:03
Matt Irwin (CAL) for Hooking (Minor) at 7:12
Zach Bogosian (STL) for Hooking (Minor) at 10:20
Brendan Smith (CAL) for Interference (Minor) at 19:59
3rd period
3. Blues , Brad Marchand 4 (Brayden Schenn 4, Mats Zuccarello 4) at 2:33 (PP)
David Krejci (CAL) for Holding (Minor) at 2:12
Ryan Reaves (CAL) for Hooking (Minor) at 13:17
Zach Bogosian (STL) for Hooking (Minor) at 17:30
Goalie Stats
Kaapo Kahkonen (STL), 8 saves from 9 shots - (0,889), W, 2-2-2, 60:00 minutes
Dylan Wells (CAL), 19 saves from 21 shots - (0,905), L, 0-7-1, 59:51 minutes
3 StarsOfficial
1 - Mats Zuccarello (STL)
2 - Derek Grant (CAL)
3 - Brayden Schenn (STL)
Referees : Tom Chmielewski and Kevin Pollock
Linesman : Greg Devorski and Trent Knorr
Game Note
No Game Note
Finance
Level 1 -- Attendance: 4616 (75%) -- Ticket Income $461,600
Level 2 -- Attendance: 4130 (79%) -- Ticket Income $247,800
Level 3 -- Attendance: 2300 (100%) -- Ticket Income $80,500
Level 4 -- Attendance: 3020 (81%) -- Ticket Income $60,400
Luxury Box -- Attendance: 939 (89%) -- Ticket Income $187,800
Game was played at the Pengrowth Saddledome.
Total Attendance: 15005 (81%)
Total Ticket Income: $1,038,100
Other Income: $311,430
Total Income: $1,349,530



Team Name Goals Shots Shots Attemp Shots Blocked PIM HIT PP PK FO%
Blues 2216136172 / 9 (22%)155%
Flames 19191218141 / 3 (33%)245%

Blues
Player Name POS G A P +/- PIM HIT SHT SB MP PP MP PP SHT PK MP PK SHT FO% FOT GA TA
Arthur KaliyevLW/RW000001108:270:0400:0000% 010
Brad MarchandLW1120204020:368:0521:0800% 010
Brandon MontourD0000030126:539:3601:4600% 011
Brayden SchennC/LW0220013019:398:0520:10064% 2200
Dawson MercerC/RW0000011119:066:0802:20056% 901
Denis GurianovLW/RW000001308:270:0400:0000% 000
Derek StepanC/RW0000000012:460:0401:0800% 000
Gavin BayreutherD0000000011:240:0000:0000% 000
Josh NorrisC000000107:510:0000:00033% 300
Kyle PalmieriLW/RW0000000016:326:0800:0000% 000
MacKenzie WeegarD0000011027:138:4102:2800% 001
Mats ZuccarelloLW/RW1120013020:098:0510:24050% 200
Paul StastnyC/LW0000020012:050:0001:01033% 600
Pius SuterC/LW0000011013:190:0002:1700% 021
Sean WalkerD0000001119:094:4101:4600% 001
Travis HamonicD0000042021:155:3602:2800% 000
Tyler ToffoliRW0000000016:326:0800:0000% 000
Zach BogosianD0000410014:200:0000:0000% 001
Flames
Player Name POS G A P +/- PIM HIT SHT SB MP PP MP PP SHT PK MP PK SHT FO% FOT GA TA
Alexander EdlerD0000000115:400:0007:1100% 000
Ben HuttonD0000000015:310:0007:0600% 000
Brendan SmithD0000200216:081:4901:3900% 000
Casey MittelstadtC/LW0000201017:112:0900:00050% 201
David KrejciC0110221014:232:0500:00044% 911
Derek GrantC/LW1010032016:582:0521:4500% 010
Eric RobinsonLW0000000016:100:0007:0100% 101
Eric StaalC0000000216:092:0901:20064% 1111
Gustav NyquistLW/RW0000050124:162:0906:34045% 1110
Jack McBainC0000212015:410:0005:59029% 710
Matt IrwinD0000210014:280:0005:5600% 000
Matt MartinLW/RW0000201116:400:0005:5500% 010
Michael StoneD0000201215:130:0006:4200% 001
Nick LeddyD0110000114:202:2500:0000% 000
Nikita ZaitsevD0000010014:291:4900:0000% 000
Olli MaattaD0000000114:202:2500:0000% 000
Ryan ReavesRW000040008:170:0000:0000% 100
Tyler JohnsonC/LW/RW0000011119:402:0500:0000% 000

Blues

5 vs 5 Forward
Line #Left WingCenterRight WingPHYDFOFWanted %Time %Time Play
1Brad MarchandBrayden SchennMats Zuccarello1223930%12:12
2Kyle PalmieriDawson MercerTyler Toffoli1222925%10:24
3Pius SuterPaul StastnyDerek Stepan1222026%10:48
4Denis GurianovJosh NorrisArthur Kaliyev1221219%7:51
5 vs 5 Defense
Line #DefenseDefensePHYDFOFWanted %Time %Time Play
1MacKenzie WeegarBrandon Montour1224036%14:57
2Travis HamonicZach Bogosian1223036%14:51
3Sean WalkerGavin Bayreuther1222025%10:20
4MacKenzie WeegarBrandon Montour122103%1:07
Power Play Forward
Line #Left WingCenterRight WingPHYDFOFWanted %Time %Time Play
1Brad MarchandBrayden SchennMats Zuccarello1046057%8:09
2Kyle PalmieriDawson MercerTyler Toffoli1134043%6:08
Power Play Defense
Line #DefenseDefensePHYDFOFWanted %Time %Time Play
1MacKenzie WeegarBrandon Montour1136061%8:41
2Brandon MontourTravis Hamonic1134039%5:36
Penalty Kill 4 Players Forward
Line #CenterWingPHYDFOFWanted %Time %Time Play
1Dawson MercerPius Suter1316073%3:06
2Derek StepanBrad Marchand1314027%1:08
Penalty Kill 4 Players Defense
Line #DefenseDefensePHYDFOFWanted %Time %Time Play
1MacKenzie WeegarTravis Hamonic1316058%2:28
2Brandon MontourSean Walker1314042%1:46
Penalty Kill 3 Players
Line #WingPHYDFOFWanted %Time %Time PlayDefenseDefensePHYDFOFWanted %Time %Time Play
1Pius Suter140600%0:00 MacKenzie WeegarTravis Hamonic140600%0:00
2Dawson Mercer140400%0:00 Brandon MontourSean Walker122400%0:00
4 vs 4 Forward
Line #CenterWingPHYDFOFWanted %Time %Time Play
1Brayden SchennBrad Marchand122600%0:00
2Dawson MercerTyler Toffoli122400%0:00
4 vs 4 Defense
Line #DefensePHYDFOFWanted %Time %Time Play
1MacKenzie WeegarBrandon Montour122600%0:00
2Travis HamonicZach Bogosian122400%0:00
Last Minutes Offensive
Left WingCenterRight WingDefenseDefense
Brad MarchandBrayden SchennTyler ToffoliMacKenzie WeegarBrandon Montour
Last Minutes Defensive
Left WingCenterRight WingDefenseDefense
Pius SuterDawson MercerDerek StepanMacKenzie WeegarTravis Hamonic
Time
Total ForwardTotal DefenseLast Minutes OffensiveLast Minutes Defensive
60:00 60:00 0:000:14
Extra Forwards
Normal PowerPlayPenalty Kill
Dawson Mercer, Brad Marchand, Kyle PalmieriTyler Toffoli, Arthur KaliyevPaul Stastny
Extra Defensemen
Normal PowerPlayPenalty Kill
Travis Hamonic, MacKenzie Weegar, Zach BogosianSean Walker, Travis HamonicMacKenzie Weegar
Penalty Shots
Tyler Toffoli, Brad Marchand, Dawson Mercer, Brayden Schenn, Mats Zuccarello
Goalie
Kaapo Kahkonen, Pheonix Copley
Scratches
Jake Muzzin (Healthy)

Flames

5 vs 5 Forward
Line #Left WingCenterRight WingPHYDFOFWanted %Time %Time Play
1Derek GrantDavid KrejciTyler Johnson0053030%12:20
2Casey MittelstadtEric StaalGustav Nyquist0053030%12:22
3Matt MartinGustav NyquistRyan Reaves5002018%7:31
4Eric RobinsonJack McBainTyler Johnson0502022%9:01
5 vs 5 Defense
Line #DefenseDefensePHYDFOFWanted %Time %Time Play
1Nick LeddyOlli Maatta0053031%12:48
2Nikita ZaitsevBrendan Smith0053032%13:12
3Michael StoneBen Hutton5002018%7:24
4Matt IrwinAlexander Edler0502019%7:50
Power Play Forward
Line #Left WingCenterRight WingPHYDFOFWanted %Time %Time Play
1Casey MittelstadtEric StaalGustav Nyquist0055051%2:09
2Derek GrantDavid KrejciTyler Johnson0055049%2:05
Power Play Defense
Line #DefenseDefensePHYDFOFWanted %Time %Time Play
1Nick LeddyOlli Maatta0055057%2:25
2Brendan SmithNikita Zaitsev0055043%1:49
Penalty Kill 4 Players Forward
Line #CenterWingPHYDFOFWanted %Time %Time Play
1Gustav NyquistEric Robinson0415048%6:51
2Jack McBainMatt Martin1405052%7:26
Penalty Kill 4 Players Defense
Line #DefenseDefensePHYDFOFWanted %Time %Time Play
1Michael StoneBen Hutton1405050%7:06
2Matt IrwinAlexander Edler0415050%7:11
Penalty Kill 3 Players
Line #WingPHYDFOFWanted %Time %Time PlayDefenseDefensePHYDFOFWanted %Time %Time Play
1Gustav Nyquist050500%0:00 Michael StoneBen Hutton050500%0:00
2Jack McBain500500%0:00 Matt IrwinAlexander Edler500500%0:00
4 vs 4 Forward
Line #CenterWingPHYDFOFWanted %Time %Time Play
1Casey MittelstadtGustav Nyquist005500%0:00
2Jack McBainDerek Grant005500%0:00
4 vs 4 Defense
Line #DefensePHYDFOFWanted %Time %Time Play
1Nick LeddyOlli Maatta005500%0:00
2Nikita ZaitsevBrendan Smith005500%0:00
Last Minutes Offensive
Left WingCenterRight WingDefenseDefense
Casey MittelstadtJack McBainGustav NyquistNikita ZaitsevNick Leddy
Last Minutes Defensive
Left WingCenterRight WingDefenseDefense
Eric RobinsonGustav NyquistMatt MartinNick LeddyBen Hutton
Time
Total ForwardTotal DefenseLast Minutes OffensiveLast Minutes Defensive
60:00 60:00 0:150:00
Extra Forwards
Normal PowerPlayPenalty Kill
Casey Mittelstadt, Derek Grant, Gustav NyquistCasey Mittelstadt, Derek GrantEric Robinson
Extra Defensemen
Normal PowerPlayPenalty Kill
Nikita Zaitsev, Nick Leddy, Olli MaattaOlli Maatta, Michael StoneBen Hutton
Penalty Shots
Casey Mittelstadt, Derek Grant, Gustav Nyquist, Jack McBain, Eric Robinson
Goalie
Dylan Wells, Cam Johnson
Scratches
Joe Veleno (Healthy)


Play-by-Play

1st period


0:01 of 1st period - David Krejci wins face-off versus Brayden Schenn in neutral zone.
0:58 of 1st period - Paul Stastny is hit by Nikita Zaitsev and loses puck.
1:44 of 1st period - Icing by Brad Marchand.
1:45 of 1st period - Brayden Schenn wins face-off versus David Krejci in Blues zone.
2:21 of 1st period - Slapshot by Brad Marchand.
2:21 of 1st period - Stopped by Dylan Wells without a rebound.
2:22 of 1st period - Paul Stastny wins face-off versus Casey Mittelstadt in Flames zone.
2:30 of 1st period - Off-side.
2:31 of 1st period - Eric Staal wins face-off versus Paul Stastny in neutral zone.
3:00 of 1st period - Mats Zuccarello is hit by Jack McBain and loses puck.
3:28 of 1st period - Minor Penalty to Ryan Reaves for Hooking.
3:29 of 1st period - Brayden Schenn wins face-off versus Jack McBain in Flames zone.
3:31 of 1st period - Snap shot by Mats Zuccarello.
3:31 of 1st period - Goal by Mats Zuccarello - Blues : 1 - Flames : 0.
3:32 of 1st period - Brayden Schenn wins face-off versus David Krejci in neutral zone.
3:43 of 1st period - Wrist shot by Tyler Johnson.
3:43 of 1st period - Shot Misses the Net.
4:49 of 1st period - Snap shot by Brandon Montour.
4:49 of 1st period - Shot Misses the Net.
6:02 of 1st period - Minor Penalty to Michael Stone for Tripping.
6:03 of 1st period - Brayden Schenn wins face-off versus Jack McBain in Flames zone.
6:17 of 1st period - Snap shot by Brayden Schenn.
6:17 of 1st period - Deflect By Brad Marchand.
6:17 of 1st period - Stopped by Dylan Wells with a rebound.
6:39 of 1st period - Alexander Edler is hit by Dawson Mercer.
8:02 of 1st period - Penalty to Michael Stone is over, Michael Stone is back on ice.
8:49 of 1st period - Gustav Nyquist is hit by Zach Bogosian and loses puck.
10:36 of 1st period - Minor Penalty to Jack McBain for Hooking.
10:37 of 1st period - Brayden Schenn wins face-off versus Eric Robinson in Flames zone.
10:49 of 1st period - Slapshot by Brad Marchand.
10:49 of 1st period - Shot Misses the Net.
12:36 of 1st period - Penalty to Jack McBain is over, Jack McBain is back on ice.
12:37 of 1st period - Eric Staal is hit by Arthur Kaliyev and loses puck.
13:01 of 1st period - Icing by Derek Stepan.
13:02 of 1st period - David Krejci wins face-off versus Paul Stastny in Blues zone.
13:09 of 1st period - David Krejci is hit by Travis Hamonic and loses puck.
13:28 of 1st period - Slapshot by Travis Hamonic.
13:28 of 1st period - Stopped by Dylan Wells with a rebound.
13:30 of 1st period - Wrist shot by Travis Hamonic.
13:30 of 1st period - Stopped by Dylan Wells with a rebound.
13:32 of 1st period - Snap shot by Josh Norris.
13:32 of 1st period - Stopped by Dylan Wells without a rebound.
13:33 of 1st period - Gustav Nyquist wins face-off versus Josh Norris in Flames zone.
13:35 of 1st period - Minor Penalty to Matt Martin for High sticking.
13:36 of 1st period - Gustav Nyquist wins face-off versus Brayden Schenn in Flames zone.
15:35 of 1st period - Penalty to Matt Martin is over, Matt Martin is back on ice.
17:08 of 1st period - Denis Gurianov is hit by David Krejci and loses puck.
18:32 of 1st period - Snap shot by Mats Zuccarello.
18:32 of 1st period - Stopped by Dylan Wells without a rebound.
18:33 of 1st period - Brayden Schenn wins face-off versus Jack McBain in Flames zone.
19:04 of 1st period - Minor Penalty to Brad Marchand for Elbowing.
19:05 of 1st period - Dawson Mercer wins face-off versus David Krejci in Blues zone.
19:05 of 1st period - Dawson Mercer is hit by Derek Grant.
19:16 of 1st period - Snap shot by Derek Grant.
19:16 of 1st period - Stopped by Kaapo Kahkonen with a rebound.
19:18 of 1st period - Slapshot by Nick Leddy.
19:18 of 1st period - Shot Blocked by Dawson Mercer.
19:20 of 1st period - Wrist shot by Derek Grant.
19:20 of 1st period - Goal by Derek Grant - Blues : 1 - Flames : 1.
19:21 of 1st period - Eric Staal wins face-off versus Brayden Schenn in neutral zone.
19:28 of 1st period - Snap shot by Gustav Nyquist.
19:28 of 1st period - Shot Misses the Net.
Goals for this period are 1 for Blues vs 1 for Flames.
Shots for this period are 7 for Blues vs 2 for Flames.

2nd period


0:01 of 2nd period - Eric Staal wins face-off versus Brayden Schenn in neutral zone.
0:03 of 2nd period - Minor Penalty to Casey Mittelstadt for Holding.
0:04 of 2nd period - Brayden Schenn wins face-off versus Gustav Nyquist in Flames zone.
0:40 of 2nd period - Gustav Nyquist is hit by MacKenzie Weegar and loses puck.
1:52 of 2nd period - Alexander Edler is hit by Mats Zuccarello and loses puck.
2:03 of 2nd period - Penalty to Casey Mittelstadt is over, Casey Mittelstadt is back on ice.
3:05 of 2nd period - Jack McBain is hit by Denis Gurianov and loses puck.
3:20 of 2nd period - Brendan Smith is hit by Paul Stastny and loses puck.
4:12 of 2nd period - Michael Stone is hit by Pius Suter and loses puck.
4:25 of 2nd period - Wrist shot by Brad Marchand.
4:25 of 2nd period - Shot Misses the Net.
4:37 of 2nd period - Ben Hutton is hit by Brandon Montour and loses puck.
4:55 of 2nd period - Wrist shot by MacKenzie Weegar.
4:55 of 2nd period - Shot Blocked by Eric Staal.
4:57 of 2nd period - Snap shot by Denis Gurianov.
4:57 of 2nd period - Shot Misses the Net.
4:59 of 2nd period - Wrist shot by MacKenzie Weegar.
4:59 of 2nd period - Deflect By Olli Maatta.
4:59 of 2nd period - Stopped by Dylan Wells with a rebound.
5:01 of 2nd period - Slapshot by Arthur Kaliyev.
5:01 of 2nd period - Shot Hit the Post.
5:32 of 2nd period - Snap shot by Tyler Toffoli.
5:32 of 2nd period - Shot Misses the Net.
5:34 of 2nd period - Snap shot by Kyle Palmieri.
5:34 of 2nd period - Deflect By Dawson Mercer.
5:34 of 2nd period - Shot Misses the Net.
5:34 of 2nd period - Puck is out of play.
5:35 of 2nd period - Eric Staal wins face-off versus Dawson Mercer in Flames zone.
6:00 of 2nd period - Gustav Nyquist is hit by Travis Hamonic and loses puck.
6:11 of 2nd period - MacKenzie Weegar is hit by Gustav Nyquist and loses puck.
7:12 of 2nd period - Minor Penalty to Matt Irwin for Hooking.
7:13 of 2nd period - Brayden Schenn wins face-off versus Gustav Nyquist in Flames zone.
7:15 of 2nd period - Wrist shot by Brayden Schenn.
7:15 of 2nd period - Stopped by Dylan Wells with a rebound.
7:17 of 2nd period - Snap shot by MacKenzie Weegar.
7:17 of 2nd period - Shot Blocked by Gustav Nyquist.
7:21 of 2nd period - Wrist shot by Brayden Schenn.
7:21 of 2nd period - Stopped by Dylan Wells with a rebound.
7:23 of 2nd period - Wrist shot by Brandon Montour.
7:23 of 2nd period - Deflect By Brad Marchand.
7:23 of 2nd period - Shot Misses the Net.
7:23 of 2nd period - Puck is out of play.
7:24 of 2nd period - Gustav Nyquist wins face-off versus Brayden Schenn in Flames zone.
8:17 of 2nd period - Brayden Schenn is hit by Gustav Nyquist and loses puck.
9:12 of 2nd period - Penalty to Matt Irwin is over, Matt Irwin is back on ice.
9:43 of 2nd period - Snap shot by Arthur Kaliyev.
9:43 of 2nd period - Shot Misses the Net.
9:45 of 2nd period - Wrist shot by Travis Hamonic.
9:45 of 2nd period - Shot Blocked by Michael Stone.
9:47 of 2nd period - Slapshot by Travis Hamonic.
9:47 of 2nd period - Shot Misses the Net.
9:49 of 2nd period - Wrist shot by Denis Gurianov.
9:49 of 2nd period - Stopped by Dylan Wells with a rebound.
10:20 of 2nd period - Minor Penalty to Zach Bogosian for Hooking.
10:21 of 2nd period - Dawson Mercer wins face-off versus Eric Staal in Blues zone.
11:04 of 2nd period - Brad Marchand is hit by Tyler Johnson and loses puck.
11:19 of 2nd period - Paul Stastny is hit by Gustav Nyquist and loses puck.
11:39 of 2nd period - Brad Marchand is hit by Derek Grant and loses puck.
12:20 of 2nd period - Penalty to Zach Bogosian is over, Zach Bogosian is back on ice.
12:50 of 2nd period - Slapshot by Michael Stone.
12:50 of 2nd period - Stopped by Kaapo Kahkonen without a rebound.
12:51 of 2nd period - Brayden Schenn wins face-off versus Gustav Nyquist in Blues zone.
12:58 of 2nd period - Wrist shot by Brad Marchand.
12:58 of 2nd period - Shot Blocked by Alexander Edler.
13:00 of 2nd period - Snap shot by Brayden Schenn.
13:00 of 2nd period - Stopped by Dylan Wells with a rebound.
13:02 of 2nd period - Snap shot by Gavin Bayreuther.
13:02 of 2nd period - Deflect By Mats Zuccarello.
13:02 of 2nd period - Shot Misses the Net.
13:02 of 2nd period - Puck is out of play.
13:03 of 2nd period - Gustav Nyquist wins face-off versus Mats Zuccarello in Flames zone.
13:10 of 2nd period - Wrist shot by Gustav Nyquist.
13:10 of 2nd period - Shot Misses the Net.
13:12 of 2nd period - Slapshot by Brendan Smith.
13:12 of 2nd period - Shot Misses the Net.
13:41 of 2nd period - Off-side.
13:42 of 2nd period - Eric Staal wins face-off versus Paul Stastny in neutral zone.
13:44 of 2nd period - Off-side.
13:45 of 2nd period - Paul Stastny wins face-off versus Eric Staal in neutral zone.
14:08 of 2nd period - Wrist shot by Paul Stastny.
14:08 of 2nd period - Shot Misses the Net.
14:22 of 2nd period - Slapshot by Brandon Montour.
14:22 of 2nd period - Deflect By Pius Suter.
14:22 of 2nd period - Stopped by Dylan Wells without a rebound.
14:23 of 2nd period - Brayden Schenn wins face-off versus David Krejci in Flames zone.
14:30 of 2nd period - Wrist shot by Mats Zuccarello.
14:30 of 2nd period - Shot Blocked by Tyler Johnson.
14:32 of 2nd period - Slapshot by Zach Bogosian.
14:32 of 2nd period - Shot Blocked by Brendan Smith.
14:40 of 2nd period - Wrist shot by Brad Marchand.
14:40 of 2nd period - Stopped by Dylan Wells without a rebound.
14:41 of 2nd period - Jack McBain wins face-off versus Dawson Mercer in Flames zone.
14:41 of 2nd period - Jack McBain is hit by Brandon Montour.
15:12 of 2nd period - Snap shot by Mats Zuccarello.
15:12 of 2nd period - Stopped by Dylan Wells with a rebound.
15:14 of 2nd period - Snap shot by Brad Marchand.
15:14 of 2nd period - Shot Misses the Net.
15:32 of 2nd period - Gustav Nyquist is hit by Travis Hamonic and loses puck.
16:13 of 2nd period - Slapshot by Tyler Toffoli.
16:13 of 2nd period - Shot Misses the Net.
16:57 of 2nd period - Casey Mittelstadt is hit by Brayden Schenn and loses puck.
17:07 of 2nd period - Icing by Mats Zuccarello.
17:08 of 2nd period - Dawson Mercer wins face-off versus Gustav Nyquist in Blues zone.
17:57 of 2nd period - Snap shot by David Krejci.
17:57 of 2nd period - Shot Misses the Net.
17:59 of 2nd period - Slapshot by Nikita Zaitsev.
17:59 of 2nd period - Shot Blocked by Sean Walker.
18:11 of 2nd period - Wrist shot by Arthur Kaliyev.
18:11 of 2nd period - Shot Blocked by Matt Martin.
18:13 of 2nd period - Snap shot by Dawson Mercer.
18:13 of 2nd period - Shot Misses the Net.
18:15 of 2nd period - Snap shot by Dawson Mercer.
18:15 of 2nd period - Stopped by Dylan Wells with a rebound.
18:17 of 2nd period - Wrist shot by Dawson Mercer.
18:17 of 2nd period - Shot Blocked by Nick Leddy.
18:29 of 2nd period - Travis Hamonic is hit by Derek Grant and loses puck.
19:24 of 2nd period - Kyle Palmieri is hit by Matt Irwin and loses puck.
19:53 of 2nd period - Wrist shot by Denis Gurianov.
19:53 of 2nd period - Stopped by Dylan Wells without a rebound.
19:54 of 2nd period - Josh Norris wins face-off versus Eric Staal in Flames zone.
19:57 of 2nd period - Wrist shot by Arthur Kaliyev.
19:57 of 2nd period - Stopped by Dylan Wells with a rebound.
19:59 of 2nd period - Minor Penalty to Brendan Smith for Interference.
Goals for this period are 0 for Blues vs 0 for Flames.
Shots for this period are 11 for Blues vs 1 for Flames.

3rd period


0:01 of 3rd period - Mats Zuccarello wins face-off versus Gustav Nyquist in neutral zone.
0:14 of 3rd period - Snap shot by Brad Marchand.
0:14 of 3rd period - Shot Misses the Net.
1:59 of 3rd period - Penalty to Brendan Smith is over, Brendan Smith is back on ice.
2:03 of 3rd period - Snap shot by Tyler Johnson.
2:03 of 3rd period - Stopped by Kaapo Kahkonen with a rebound.
2:12 of 3rd period - Minor Penalty to David Krejci for Holding.
2:13 of 3rd period - Brayden Schenn wins face-off versus Jack McBain in Flames zone.
2:21 of 3rd period - Snap shot by Mats Zuccarello.
2:21 of 3rd period - Deflect By Michael Stone.
2:21 of 3rd period - Shot Misses the Net.
2:21 of 3rd period - Puck is out of play.
2:22 of 3rd period - Brayden Schenn wins face-off versus Jack McBain in Flames zone.
2:29 of 3rd period - Snap shot by Brayden Schenn.
2:29 of 3rd period - Shot Blocked by Michael Stone.
2:31 of 3rd period - Snap shot by Brad Marchand.
2:31 of 3rd period - Shot Misses the Net.
2:33 of 3rd period - Snap shot by Brad Marchand.
2:33 of 3rd period - Goal by Brad Marchand - Blues : 2 - Flames : 1.
2:34 of 3rd period - Eric Staal wins face-off versus Brayden Schenn in neutral zone.
3:09 of 3rd period - Wrist shot by Tyler Toffoli.
3:09 of 3rd period - Shot Hit the Post.
4:17 of 3rd period - Off-side.
4:18 of 3rd period - David Krejci wins face-off versus Dawson Mercer in neutral zone.
4:43 of 3rd period - Brad Marchand is hit by Gustav Nyquist and loses puck.
5:38 of 3rd period - Snap shot by Matt Martin.
5:38 of 3rd period - Stopped by Kaapo Kahkonen with a rebound.
6:58 of 3rd period - Wrist shot by Brayden Schenn.
6:58 of 3rd period - Shot Misses the Net.
7:02 of 3rd period - Slapshot by Brayden Schenn.
7:02 of 3rd period - Shot Misses the Net.
7:18 of 3rd period - Snap shot by Arthur Kaliyev.
7:18 of 3rd period - Shot Blocked by Eric Staal.
7:45 of 3rd period - Snap shot by Pius Suter.
7:45 of 3rd period - Shot Misses the Net.
8:35 of 3rd period - Wrist shot by Denis Gurianov.
8:35 of 3rd period - Stopped by Dylan Wells with a rebound.
9:02 of 3rd period - Icing by Matt Irwin.
9:03 of 3rd period - David Krejci wins face-off versus Dawson Mercer in Flames zone.
9:48 of 3rd period - Icing by Brandon Montour.
9:49 of 3rd period - Jack McBain wins face-off versus Paul Stastny in Blues zone.
9:58 of 3rd period - Backhand shot by Tyler Johnson.
9:58 of 3rd period - Deflect By Jack McBain.
9:58 of 3rd period - Stopped by Kaapo Kahkonen without a rebound.
9:59 of 3rd period - Casey Mittelstadt wins face-off versus Brayden Schenn in Blues zone.
10:00 of 3rd period - Snap shot by Gustav Nyquist.
10:00 of 3rd period - Shot Misses the Net.
10:02 of 3rd period - Wrist shot by Casey Mittelstadt.
10:02 of 3rd period - Deflect By Gustav Nyquist.
10:02 of 3rd period - Shot Blocked by Brandon Montour.
10:02 of 3rd period - Puck is out of play.
10:03 of 3rd period - Brayden Schenn wins face-off versus Eric Staal in Blues zone.
10:29 of 3rd period - MacKenzie Weegar is hit by David Krejci and loses puck.
10:47 of 3rd period - Icing by Kyle Palmieri.
10:48 of 3rd period - Dawson Mercer wins face-off versus Ryan Reaves in Blues zone.
10:59 of 3rd period - Snap shot by Brad Marchand.
10:59 of 3rd period - Shot Misses the Net.
11:01 of 3rd period - Wrist shot by Travis Hamonic.
11:01 of 3rd period - Shot Misses the Net.
11:41 of 3rd period - Slapshot by Casey Mittelstadt.
11:41 of 3rd period - Stopped by Kaapo Kahkonen with a rebound.
13:06 of 3rd period - Wrist shot by Sean Walker.
13:06 of 3rd period - Stopped by Dylan Wells with a rebound.
13:08 of 3rd period - Snap shot by Derek Stepan.
13:08 of 3rd period - Shot Misses the Net.
13:10 of 3rd period - Slapshot by Paul Stastny.
13:10 of 3rd period - Shot Misses the Net.
13:12 of 3rd period - Snap shot by Paul Stastny.
13:12 of 3rd period - Deflect By Casey Mittelstadt.
13:12 of 3rd period - Shot Blocked by Olli Maatta.
13:12 of 3rd period - Puck is out of play.
13:13 of 3rd period - Gustav Nyquist wins face-off versus Brayden Schenn in Flames zone.
13:17 of 3rd period - Minor Penalty to Ryan Reaves for Hooking.
13:18 of 3rd period - Brayden Schenn wins face-off versus Gustav Nyquist in Flames zone.
13:18 of 3rd period - Slapshot by Mats Zuccarello.
13:18 of 3rd period - Shot Misses the Net.
14:14 of 3rd period - Jack McBain is hit by Brandon Montour and loses puck.
15:17 of 3rd period - Penalty to Ryan Reaves is over, Ryan Reaves is back on ice.
15:31 of 3rd period - Wrist shot by David Krejci.
15:31 of 3rd period - Stopped by Kaapo Kahkonen with a rebound.
15:47 of 3rd period - Brandon Montour is hit by Gustav Nyquist and loses puck.
16:00 of 3rd period - Slapshot by Brandon Montour.
16:00 of 3rd period - Deflect By Josh Norris.
16:00 of 3rd period - Shot Blocked by Brendan Smith.
16:00 of 3rd period - Puck is out of play.
16:01 of 3rd period - Eric Staal wins face-off versus Josh Norris in Flames zone.
16:26 of 3rd period - Nikita Zaitsev is hit by Travis Hamonic and loses puck.
16:55 of 3rd period - Alexander Edler is hit by Paul Stastny.
17:01 of 3rd period - Snap shot by Derek Stepan.
17:01 of 3rd period - Shot Misses the Net.
17:30 of 3rd period - Minor Penalty to Zach Bogosian for Hooking.
17:31 of 3rd period - Dawson Mercer wins face-off versus David Krejci in Blues zone.
19:30 of 3rd period - Penalty to Zach Bogosian is over, Zach Bogosian is back on ice.
19:51 of 3rd period - Flames, Dylan Wells is pulled from the net.
19:51 of 3rd period - Slapshot by Jack McBain.
19:51 of 3rd period - Stopped by Kaapo Kahkonen with a rebound.
19:55 of 3rd period - Wrist shot by Jack McBain.
19:55 of 3rd period - Shot Misses the Net.
Goals for this period are 1 for Blues vs 0 for Flames.
Shots for this period are 3 for Blues vs 6 for Flames.